 Dungeon Crawl Stone Soup version 0.18.1-50-g88ac8fd (webtiles) character file.

30 Gargoyl the Skirmisher (level 3, 0/29 HPs)
             Began as a Demonspawn Abyssal Knight on Oct 3, 2016.
             Was a Follower of Lugonu.
             Succumbed to an adder's poison
             ... on level 1 of the Dungeon.
             The game lasted 00:02:04 (1138 turns).

Gargoyl the Skirmisher (Demonspawn Abyssal Knight)  Turns: 1138, Time: 00:02:04

Health: 0/29       AC:  6    Str: 13    XL:     3   Next: 3%
Magic:  5/5        EV: 14    Int: 13    God:    Lugonu [*.....]
Gold:   42         SH:  0    Dex: 17    Spells: 0 memorised, 2 levels left

rFire  + . .     SeeInvis .     a - +1 hand axe
rCold  . . .     Gourm    .     d - +0 scale mail
rNeg   . . .     Faith    .     (no shield)
rPois  .         Spirit   .     (no helmet)
rElec  .         Dismiss  .     (no cloak)
rCorr  .         Reflect  .     (no gloves)
SustAt .         Harm     .     (no boots)
MR     .....                    k - amulet of inaccuracy (curse)
Stlth  +.........               (no ring)
                                (no ring)

@: agile, lethally poisoned (0 -> -19), not resistant to hostile enchantments,
very unstealthy
A: hooves 1, fire resistance 1
a: Depart the Abyss, Renounce Religion


You were on level 1 of the Dungeon.
You worshipped Lugonu.
Lugonu was aware of your devotion.
You were very hungry.

You visited 1 branch of the dungeon, and saw 1 of its levels.
You visited the Abyss 1 time.

You collected 42 gold pieces.

Inventory:

Hand Weapons
 a - a +1 hand axe (weapon)
Armour
 d - a +0 scale mail (worn)
Jewellery
 k - a cursed amulet of inaccuracy (around neck)
Scrolls
 e - a scroll of identify {unknown}
Potions
 f - a potion of might {unknown}
 g - a potion of agility
 h - a potion of mutation {unknown}
 j - a potion of haste {unknown}
Comestibles
 b - 2 meat rations
 c - 2 bread rations
 i - 4 fruits


   Skills:
 + Level 3.4 Fighting
 + Level 2.1 Axes
 * Level 2.0 Armour
 + Level 1.2 Dodging
 * Level 2.9 Invocations


You had 2 spell levels left.
You didn't know any spells.

Dungeon Overview and Level Annotations

Branches:
Dungeon (1/15)

Altars:


Innate Abilities, Weirdness & Mutations

You have large cloven feet.
Your flesh is heat resistant.


Message History

The adder is heavily wounded.
You feel sick. The adder bites you.
* * * LOW HITPOINT WARNING * * *
You are more poisoned.
The adder poisons you!
You miss the adder. Your kick misses the adder.
The adder is heavily wounded.
* * * LOW HITPOINT WARNING * * *
You feel sick. The adder bites you but does no damage. The adder misses you.
You miss the adder.
The adder is heavily wounded.
* * * LOW HITPOINT WARNING * * *
You feel sick. The adder bites you.
* * * LOW HITPOINT WARNING * * *
The adder bites you.
* * * LOW HITPOINT WARNING * * *
Drink which item? (? for menu, Esc to quit)
It was a potion of agility.
You feel agile all of a sudden.
You die...

#.)#.## #.# #.# #†#.##
#.# #.# # #.### #.#
#.##### ## #.# #.#
#...... .# ##.## #.#
####### .## ###...####
#.# ..# #........# #.#
..## ###...##.###.#
...#### #......S@....#
......###>##.###.#####
#.......#....# #.#
###.......#### #.#
####...## #.#
#####*****#?#
*,,,,,,,..#
********###


You could see an adder.

Vanquished Creatures
  An ooze (D:1)
  2 dart slugs (D:1)
  A giant gecko (D:1)
  2 ball pythons (D:1)
  2 bats (D:1)
  A goblin (D:1)
  A hobgoblin (D:1)
  2 jackals (D:1)
  2 kobolds (D:1)
  A giant newt (D:1)
  5 rats (D:1)
20 creatures vanquished.

Notes
Turn   | Place    | Note
--------------------------------------------------------------
     0 | Abyss:1  | Gargoyl the Demonspawn Abyssal Knight began the quest for the Orb.
     0 | Abyss:1  | Reached XP level 1. HP: 18/18 MP: 2/2
    96 | Abyss:2  | Noticed a small abomination
   111 | D:1      | Escaped the Abyss
   302 | D:1      | Reached skill level 1 in Dodging
   302 | D:1      | Gained mutation: You have large cloven feet. [demonic ancestry]
   302 | D:1      | Reached XP level 2. HP: 16/24 MP: 4/4
   767 | D:1      | Reached * piety under Lugonu
   871 | D:1      | Gained mutation: Your flesh is heat resistant. [demonic ancestry]
   871 | D:1      | Reached XP level 3. HP: 20/29 MP: 5/5
  1138 | D:1      | Succumbed to an adder's poison

Skill      XL: |  1  2  3 |
---------------+----------+-----
Dodging        | 1 |  1.2
Axes           | 2 |  2.1
Armour         | 2 |  2.0
Fighting       | |  3.4
Invocations    | |  2.9

Action                   || total
-------------------------++-------
Melee: Hand axe          ||   105
       Kick              ||    15
Invok: Depart the Abyss  ||     1
  Use: Scroll            ||     3
       Potion            ||     1
Armor: Scale mail        ||    62
Dodge: Dodged            ||    58
